 Dungeon Crawl Stone Soup version 0.20.0 (webtiles) character file.

77 FakerFangirl the Cudgeler (level 4, -3/38 HPs)
             Began as a Draconian Fighter on May 25, 2017.
             Slain by FakerFangirl's ghost (6 damage)
             ... on level 3 of the Dungeon.
             The game lasted 00:02:13 (1956 turns).

FakerFangirl the Cudgeler (Draconian Fighter)       Turns: 1956, Time: 00:02:13

Health: -3/38      AC:  7    Str: 19    XL:     4   Next: 14%
Magic:  4/4        EV: 10    Int:  8    God:
Gold:   80         SH:  9    Dex: 11    Spells: 3/3 levels left

rFire    . . .     SeeInvis .   Y - +0 flail
rCold    . . .     Gourm    .   b - +0 shield
rNeg     . . .     Faith    .   (armour unavailable)
rPois    .         Spirit   .   (helmet restricted)
rElec    .         Reflect  .   i - +1 cloak
rCorr    .         Harm     .   (no gloves)
MR       .....                  (no boots)
Stlth    +.........             (no amulet)
Regen    0.2/turn               (no ring)
MPRegen  0.1/turn               (no ring)

@: no status effects
A: unfitting armour, cold-blooded, AC +5
a: no special abilities


You were on level 3 of the Dungeon.
You were hungry.

You visited 1 branch of the dungeon, and saw 3 of its levels.

You collected 80 gold pieces.


Innate Abilities, Weirdness & Mutations

Your plain brown scales are hard. (AC +5)
You cannot fit into any form of body armour.
You are cold-blooded and may be slowed by cold attacks.


   Skills:
 - Level 3.2 Fighting
 + Level 4.4 Maces & Flails
 - Level 2.6 Dodging
 - Level 3.0 Shields


You had 3 spell levels left.
You didn't know any spells.

Inventory:

Hand Weapons
 Y - a +0 flail (weapon)
Armour
 b - a +0 shield (worn)
 i - a +1 cloak (worn)
Scrolls
 k - 2 scrolls of remove curse
 l - 2 scrolls of identify
Potions
 c - a potion of might
Comestibles
 a - 6 chunks of flesh
 d - a bread ration
 g - a meat ration

Dungeon Overview and Level Annotations

Branches:
Dungeon (3/15)

Altars:
Ru

Annotations:
D:3 FakerFangirl's ghost, weakling DrFi


Message History

FakerFangirl's ghost hits you!
Your shield prevents you from hitting FakerFangirl's ghost.
Your tail-slap misses FakerFangirl's ghost.
FakerFangirl's ghost is heavily damaged.
You block FakerFangirl's ghost's attack.
FakerFangirl's ghost hits you.
You hit FakerFangirl's ghost.
FakerFangirl's ghost is severely damaged.
FakerFangirl's ghost hits you!
You hit FakerFangirl's ghost but do no damage.
Your tail-slap misses FakerFangirl's ghost.
FakerFangirl's ghost is severely damaged.
FakerFangirl's ghost closely misses you.
You hit FakerFangirl's ghost.
FakerFangirl's ghost is severely damaged.
FakerFangirl's ghost hits you but does no damage.
You hit FakerFangirl's ghost.
FakerFangirl's ghost is almost destroyed.
FakerFangirl's ghost hits you! FakerFangirl's ghost hits you.
You die...

##. #..
#.# #.
####.# .
#.
..##....#
.. #.
........#
..< ##.
#..W.#
<...#..
#@# .....
#.#
#..###
#.#
#).###
#.#
##))..#
#.#
#..##.##
#.#
#.###..#
#.##
####.#
##.# #..#
####....#
#.####.#


You could see FakerFangirl's ghost.

Vanquished Creatures
  3 adders (D:2)
  A worm (D:3)
  A dart slug (D:1)
  2 leopard geckos
  An orc (D:3)
  4 giant cockroaches
  6 hobgoblins
  5 kobolds
  A quokka (D:3)
  A ball python (D:3)
  2 bats
  A frilled lizard (D:2)
  7 goblins
  5 rats
40 creatures vanquished.

Notes
Turn   | Place    | Note
-------+----------+-------------------------------------------
     0 | D:1      | FakerFangirl the Draconian Fighter began the quest for the Orb.
     0 | D:1      | Reached XP level 1. HP: 19/19 MP: 1/1
     0 | D:1      | 0 ||| counter = 26
    26 | D:1      | HP: 1/19 [kobold/short sword (5)]
   499 | D:1      | Reached XP level 2. HP: 26/26 MP: 2/2
   674 | D:1      | Reached skill level 3 in Maces & Flails
   921 | D:1      | 921 ||| READING scroll labeled WARIUCROMY.
   922 | D:1      | 922 ||| READING 2 scrolls labeled YWNEIBL ACUE.
   923 | D:1      | 923 ||| READING 3 scrolls labeled TIT TIED ISEMU.
   924 | D:1      | 924 ||| UPGRADING to runed golden ring.
   925 | D:1      | 925 ||| REMOVING ring of stealth.
   926 | D:1      | 926 ||| DROPPING ring of stealth.
   927 | D:1      | 927 ||| READING 5 scrolls labeled XOIGEESHR NU WOS.
   928 | D:1      | 928 ||| READING scroll labeled XITUZX IWKOGG.
   929 | D:1      | 929 ||| READING scroll labeled KUAKLO CESE IPPAI.
   930 | D:1      | 930 ||| DRINKING 3 puce potions.
   931 | D:1      | 931 ||| READING 4 scrolls of identify.
   931 | D:1      | 931 ||| IDENTIFYING metallic yellow potion
   932 | D:1      | 932 ||| DROPPING 2 potions of magic.
   933 | D:1      | 933 ||| DROPPING potion of lignification.
   934 | D:1      | 934 ||| DROPPING scroll of random uselessness.
   996 | D:2      | Reached XP level 3. HP: 31/31 MP: 3/3
  1310 | D:2      | Reached skill level 4 in Maces & Flails
  1657 | D:2      | Found a sacrificial altar of Ru.
  1731 | D:2      | 1731 ||| UPGRADING to cloak.
  1736 | D:2      | 1736 ||| UPGRADING to marble ring.
  1737 | D:2      | 1737 ||| REMOVING ring of flight.
  1738 | D:2      | 1738 ||| DROPPING ring of flight.
  1739 | D:2      | 1739 ||| READING scroll labeled ZULESE MOCZI.
  1744 | D:2      | 1744 ||| READING scroll labeled JAXUUS LOIGH.
  1745 | D:2      | 1745 ||| READING 3 scrolls of identify.
  1745 | D:2      | 1745 ||| IDENTIFYING coppery potion
  1746 | D:2      | 1746 ||| DROPPING potion of berserk rage.
  1808 | D:3      | Reached XP level 4. HP: 32/38 MP: 4/4
  1848 | D:3      | Noticed FakerFangirl's ghost (weakling DrFi)
  1919 | D:3      | 1919 ||| READING scroll of enchant armour.
  1919 | D:3      | 1919 ||| ENCHANTING +0 cloak.
  1956 | D:3      | HP: 3/38 [FakerFangirl's ghost (10)]
  1956 | D:3      | Slain by FakerFangirl's ghost

Vault maps used:
D:1:      evilmike_arrival_plus, minmay_pentomino_t4
D:2:      nicolae_ru_the_path_less_chosen
D:3:      marbit_many_paths, chequers_ecumenical_altar_grove, tgw_xom

Skill      XL: |  1  2  3 |
---------------+----------+-----
Maces & Flails | 3 4 |  4.4
Fighting       | |  3.2
Dodging        | |  2.6
Shields        | |  3.0

Action                   |  1- 3 |  4- 6 || total
-------------------------+-------+-------++-------
Melee: Flail             |   113 |    37 ||   150
       Tailslap          |     7 |     4 ||    11
  Use: Scroll            |    10 |     1 ||    11
       Potion            |     1 |       ||     1
  Eat: Chunk             |     3 |       ||     3
Armor: Skin              |    20 |    11 ||    31
Dodge: Dodged            |    41 |    15 ||    56
Block: Shield            |    47 |    17 ||    64
